 Dungeon Crawl Stone Soup version 0.17.1-2-g5865329 (webtiles) character file.

499 Mysteryquy the Chopper (level 6, -1/47 HPs)
             Began as a Demonspawn Chaos Knight on Jan 21, 2016.
             Slain by a sky beast (6 damage)
             ... on level 5 of the Dungeon.
             The game lasted 00:09:09 (4267 turns).

Mysteryquy the Chopper (Demonspawn Chaos Knight)    Turns: 4267, Time: 00:09:09

Health: -1/47      AC: 10    Str: 12    XL:     6   Next: 94%
Magic:  6/6        EV: 11    Int: 13    God:    Xom [...*..]
Gold:   238        SH:  2    Dex: 12    Spells: 0 memorised, 5 levels left

rFire  . . .     SeeInvis .     v - +1 war axe
rCold  . . .     Clarity  .     b - +2 leather armour
rNeg   . . .     SustAt   .     (no shield)
rPois  +         Gourm    .     l - +1 helmet
rElec  .         Spirit   .     h - +0 cloak {rPois}
rCorr  .         Warding  .     (no gloves)
rMut   .         Stasis   .     (no boots)
MR     .....                    (no amulet)
Stlth  ++........               t - ring of stealth
                                g - -3 ring of strength (curse)

@: about to teleport, not resistant to hostile enchantments, unstealthy
A: large bone plates 1, demonic guardian 1
a: Renounce Religion


You were on level 5 of the Dungeon.
You worshipped Xom.
You were a favourite toy of Xom.
You were not hungry.

You visited 1 branch of the dungeon, and saw 5 of its levels.

You collected 238 gold pieces.

Inventory:

Hand Weapons
 a - a +0 hand axe of chaos
 v - a +1 war axe (weapon)
Armour
 b - a +2 leather armour (worn)
 h - a +0 cloak of poison resistance (worn)
 l - a +1 helmet (worn)
Jewellery
 g - a cursed -3 ring of strength (left hand)
 t - a ring of stealth (right hand)
Scrolls
 e - a scroll of teleportation
 A - a scroll of identify
Potions
 d - a potion of resistance {unknown}
 f - a potion of haste {unknown}
 i - a potion of cure mutation {unknown}
 n - a potion of magic {unknown}
 p - a potion of flight
 q - 2 potions of lignification {unknown}
 u - a potion of curing {unknown}
 w - a potion of agility {unknown}
 z - a potion of poison {unknown}
 D - a potion of invisibility {unknown}
Books
 m - a book of Alchemy

   Spells                             Type                      Level
   a - Sublimation of Blood           Necromancy                   2
   b - Ignite Poison                  Fire/Transmutation/Poison    3
   c - Alistair's Intoxication        Transmutation/Poison         4
   d - Condensation Shield            Ice                          4
   e - Petrify                        Transmutation/Earth          4
   f - Irradiate                      Conjuration/Transmutation    5
 C - a book of Necromancy

   Spells                             Type                      Level
   a - Pain                           Necromancy                   1
   b - Animate Skeleton               Necromancy                   1
   c - Vampiric Draining              Necromancy                   3
   d - Regeneration                   Charms/Necromancy            3
   e - Animate Dead                   Necromancy                   4
   f - Control Undead                 Necromancy                   4
Comestibles
 c - 3 bread rations
 k - 3 fruits
 x - 2 beef jerkies


   Skills:
 - Level 3.0 Fighting
 + Level 7.2 Axes
 - Level 1.7 Armour
 - Level 0.8 Dodging


You had 5 spell levels left.
You didn't know any spells.

Dungeon Overview and Level Annotations

Branches:
Dungeon (5/15)
 Temple: D:4-7

Altars:
Gozag
Trog


Innate Abilities, Weirdness & Mutations

You are partially covered in large bone plates (AC +2, SH +2).
A weak demonic guardian rushes to your aid.


Message History

Deactivating autopickup; reactivate with Ctrl-A.
Something hits you. Something shocks you. The hound bites you.
Something hits you. Something shocks you.
You closely miss the hound.
The hound is heavily wounded.
You miss something. The hound bites you.
* * * LOW HITPOINT WARNING * * *
The hound closely misses you. Something hits you.
* * * LOW HITPOINT WARNING * * *
Something shocks you.
* * * LOW HITPOINT WARNING * * *
You are too injured to fight recklessly!
Unknown command.
Read which item? (? for menu, Esc to quit)
As you read the scroll of teleportation, it crumbles to dust.
You feel strangely unstable. The hound barely misses you.
The hound completely misses you. Something hits you.
* * * LOW HITPOINT WARNING * * *
Something shocks you.
You die...

.. #..(#..# #.# ###
..#..##h.#...# #.#
...
....#...)####.######
...
..#................
#..
#..##..#######.###
.# ..##..##.(# #
....#..#.....#
#...h#)((.# #.###
##@.#†..# #....
#.{.#..# #####
......#...
....##.....## ######
####. #.....# ......
#. #<...... ..####
#. #.....## #.
......


You could see a hound.

Vanquished Creatures
  A centaur (D:5)
  Blork the orc (D:4)
  An orc priest (D:4)
  2 hounds (D:4)
  An orc wizard (D:4)
  An iguana (D:4)
  3 worker ants (D:4)
  4 adders
  2 oozes
  4 worms
  3 giant geckos
  11 orcs
  9 bats
  5 giant cockroaches
  8 goblins
  5 hobgoblins
  A quokka (D:4)
  3 ball pythons
  A giant gecko skeleton (D:4)
  8 giant newts
  6 kobolds
  7 rats
87 creatures vanquished.

Vanquished Creatures (collateral kills)
  A giant newt (D:1)
1 creature vanquished.

Grand Total: 88 creatures vanquished

Notes
Turn   | Place    | Note
--------------------------------------------------------------
     0 | D:1      | Mysteryquy the Demonspawn Chaos Knight began the quest for the Orb.
     0 | D:1      | Reached XP level 1. HP: 18/18 MP: 1/1
    87 | D:1      | Gained mutation: You are partially covered in large bone plates (AC +2, SH +2). [demonic ancestry]
    87 | D:1      | Reached XP level 2. HP: 13/24 MP: 2/2
   389 | D:1      | XOM: harmless Necr miscast
   672 | D:2      | XOM: potion effect (agility)
   683 | D:1      | Reached XP level 3. HP: 29/29 MP: 3/3
   760 | D:2      | XOM: harmless Tloc miscast
   820 | D:2      | Reached skill level 4 in Axes
   963 | D:2      | XOM: colour smoke trail
  1067 | D:2      | XOM: harmless Tloc miscast
  1467 | D:3      | Reached XP level 4. HP: 30/35 MP: 4/4
  1483 | D:3      | XOM: potion effect (haste)
  1736 | D:2      | XOM: divination: detect creatures
  1932 | D:3      | Found a bloodstained altar of Trog.
  2182 | D:4      | Reached skill level 5 in Axes
  2251 | D:4      | Reached XP level 5. HP: 35/41 MP: 5/5
  2264 | D:4      | XOM: silly message
  2639 | D:4      | XOM: divination: magic mapping
  2646 | D:4      | Reached skill level 6 in Axes
  2776 | D:4      | Gained mutation: A weak demonic guardian rushes to your aid. [demonic ancestry]
  2776 | D:4      | Reached XP level 6. HP: 12/47 MP: 6/6
  3249 | D:4      | XOM: god gift: embroidered cloak {god gift}
  3345 | D:4      | Noticed Blork the orc
  3357 | D:4      | XOM: scenery: 2 doors open
  3359 | D:4      | Killed Blork the orc
  4013 | D:4      | XOM: scenery: 1 doors open, 1 doors close
  4031 | D:5      | Entered Level 5 of the Dungeon
  4130 | D:5      | Found an opulent altar of Gozag.
  4218 | D:5      | Reached skill level 7 in Axes
  4265 | D:5      | XOM: enchant monster (bad)
  4267 | D:5      | Slain by a sky beast

Action                   |  1- 3 |  4- 6 || total
-------------------------+-------+-------++-------
Melee: Hand axe          |   112 |       ||   112
       War axe           |    46 |   209 ||   255
  Use: Scroll            |       |    10 ||    10
 Stab: Sleeping          |     1 |     3 ||     4
  Eat: Chunk             |     2 |     7 ||     9
       Meat ration       |       |     1 ||     1
